 Dungeon Crawl Stone Soup version 0.29-a0-902-g0f71de6fce (webtiles) character file.

Game seed: 2586706280639829914

919 Malachi the Transmogrifier (level 7, 0/28 HPs)
             Began as a Felid Transmuter on July 24, 2022.
             Was an Initiate of Ashenzari.
             Slain by a kobold brigand
             ... wielding a +0 short sword
              (6 damage)
             ... on level 7 of the Dungeon.
             The game lasted 00:15:23 (11282 turns).

Malachi the Transmogrifier (Felid Transmuter)      Turns: 11282, Time: 00:15:23

Health: 0/28       AC:  2    Str:  6    XL:     7   Next: 83%
Magic:  14/14      EV: 23    Int: 16    God:    Ashenzari [......]
Gold:   49         SH:  0    Dex: 31    Spells: 6/14 levels left
                                        Lives:  0   Deaths: 2

rFire   . . .      SeeInvis +     - Unarmed
rCold   . . .      Faith    .   (shield unavailable)
rNeg    . . .      Spirit   .   (body armour unavailable)
rPois   x          Reflect  .   (helmet unavailable)
rElec   .          Harm     .   (cloak unavailable)
rCorr   +          Rampage  .   (gloves unavailable)
Will    +....                   (boots unavailable)
Stlth   ++........              j - amulet of magic regeneration
HPRegen 0.09/turn               l - ring of the Dropbear {Wiz rCorr Dex+3}
MPRegen 0.54/turn               c - +6 ring of dexterity

@: spider-form
A: venomous fangs, tiny, (claws 1), (fangs 3), see invisible, (speed 1), (shaggy
fur 2), (stealthy paws), no weapons or thrown items, no armour, multi-lived
a: End Transformation, Renounce Religion


You were on level 7 of the Dungeon.
You worshipped Ashenzari.
Ashenzari was noncommittal.
You were a venomous arachnid creature.
You visited 2 branches of the dungeon, and saw 8 of its levels.

You collected 319 gold pieces.
You spent 270 gold pieces at shops.

Inventory:

Jewellery
 c - a +6 ring of dexterity (right front leg)
 j - an amulet of magic regeneration (around neck)
 l - the ring of the Dropbear (left front leg) {Wiz rCorr Dex+3}
   (You found it on level 2 of the Dungeon)

   [ring of wizardry]

   It improves your spell success rate.
   Dex:       It affects your dexterity (+3).
   rCorr:     It protects you from acid and corrosion.
 p - a ring of fire
 r - a ring of protection from fire
 s - a ring of ice
Scrolls
 d - 3 scrolls of identify
 i - 2 scrolls of silence
 m - 2 scrolls of magic mapping
 o - 2 scrolls of butterflies
 t - a scroll of amnesia {unknown}
 v - a scroll of blinking
Potions
 a - 2 potions of lignification
 b - a potion of resistance {unknown}
 e - a potion of might
 g - a potion of heal wounds
 h - a potion of brilliance
 k - a potion of flight
 n - a potion of ambrosia {unknown}
 q - 2 potions of curing
 u - a potion of haste {unknown}
 w - 2 potions of mutation {unknown}


   Skills:
 - Level 1.0 Fighting
 + Level 3.1 Dodging
 - Level 3.0 Unarmed Combat
 - Level 4.0 Spellcasting
 + Level 9.1 Transmutations
 * Level 4.9 Ice Magic
 - Level 4.0 Poison Magic


You had 6 spell levels left.
You knew the following spells:

 Your Spells              Type           Power      Damage    Failure   Level
a - Beastly Appendage     Tmut           64%        N/A       1%          1
b - Spider Form           Tmut/Pois      24%        N/A       4%          3
c - Ice Form              Ice/Tmut       25%        N/A       10%         4

Your spell library contained the following spells:

 Spells                   Type           Power      Damage    Failure   Level
 Wereblood                Tmut           32%        N/A       1%          2
 Blink                    Tloc           6%         N/A       21%         2
 Call Canine Familiar     Summ           3%         N/A       34%         3
 Lesser Beckoning         Tloc           3%         N/A       34%         3
 Fulminant Prism          Conj/Hex       1%         3d6       69%         4
 Iskenderun's Mystic Bla  Conj/Tloc      3%         2d3       69%         4
 Leda's Liquefaction      Hex/Erth       1%         N/A       69%         4
 Lee's Rapid Deconstruct  Erth           1%         3d5*      93%         5
 Manifold Assault         Tloc           3%         N/A       93%         5
 Portal Projectile        Hex/Tloc       Unusable   N/A       N/A         3

Dungeon Overview and Level Annotations

Branches:
Dungeon (7/15)             Temple (1/1) D:6

Altars:
Ashenzari
Cheibriados
Dithmenos
Elyvilon
Fedhas
Gozag
Hepliaklqana
Kikubaaqudgha
Makhleb
Nemelex Xobeh
Okawaru
Qazlal
Ru
Sif Muna
Trog
Uskayaw
Vehumet
Wu Jian
Xom
Yredelemnul
Zin
The Shining One

Shops:
D:3 :   D:5 *?


Innate Abilities, Weirdness & Mutations

You are a venomous arachnid creature.
You have poisonous fangs.
You are tiny and dextrous.
Your spellcasting is less reliable in this form.
((You have sharp claws.))
((You have razor-sharp teeth.))
You have supernaturally acute eyesight. (SInv)
((You cover ground quickly. (Speed+)))
((You are covered in thick fur. (AC +2)))
((Your paws help you pounce on unaware monsters.))
You are incapable of wielding weapons or throwing items.
You cannot wear armour.
You gain extra lives every three experience levels.


Message History

The ufetubus is lightly wounded.
The ufetubus misses you. x2
You hit the ufetubus.
The ufetubus looks as sick as possible!
The ufetubus is severely wounded.
You kill the ufetubus!
The kobold brigand shouts!
The kobold closely misses you.
You barely miss the kobold.
The kobold shouts!
The kobold hits you with a +0 club.
You hit the jelly.
The jelly is poisoned.
Your front legs burn!
The jelly is moderately wounded.
The kobold completely misses you. The jelly hits you.
You are splashed with acid.
You resist.
Unknown command.
The jelly attacks as you move away! The jelly closely misses you.
Things that are here:
a +0 dagger; a kobold corpse The centaur shouts!
The centaur wields a +0 shortbow.
The centaur shoots an arrow.
The arrow closely misses you. The jelly attacks as you move away!
The jelly misses you.
You hit the jelly.
Your front legs burn!
The jelly is heavily wounded.
You hit the jelly.
Your front legs burn!
The jelly is almost dead.
The jelly completely misses you.
You hit the jelly.
You kill the jelly!
The kobold brigand throws a poisoned dart.
The poisoned dart misses you.
The centaur shoots an arrow.
The arrow hits you!
* * * LOW HITPOINT WARNING * * *
You hear a shout!
The kobold brigand hits you with a +0 short sword.
* * * LOW HITPOINT WARNING * * *
The centaur unwields a +0 shortbow.
The centaur completely misses you. x2
You hit the centaur.
The centaur is lightly wounded.
The kobold brigand hits you with a +0 short sword.
You die...

##.........##
##...#.....#
#.#######.# #..#
#.##############
..##
#..##.......$..#
##.##......<...#
#..#..........#
##.#...>......#
...###s#..........#
......c.K5KK.#######
##......##KK##
......###8..8#
...##. ...K....# ##
###...K....##
#..#8.K8#..#
#..##..##..# #.
........#


You could see 2 kobold brigands, a centaur, a shadow imp and 3 kobolds.

Vanquished Creatures
  Pikel (D:6)
  Sigmund (D:4)
  2 ice beasts
  A black bear (D:4)
  A sky beast (D:7)
  4 lemures (D:6)
  A kobold brigand (D:6)
  4 scorpions
  A gnoll sergeant (D:6)
  A howler monkey (D:5)
  3 hounds
  A jelly (D:7)
  2 iguanas
  An orc wizard (D:5)
  11 gnolls
  5 adders
  An ufetubus (D:7)
  9 worms
  3 dart slugs
  4 orcs
  12 endoplasms
  2 giant cockroaches
  3 goblins
  6 hobgoblins
  7 jackals
  22 kobolds
  6 quokkas
  3 ball pythons
  10 bats
  6 frilled lizards
  5 rats
139 creatures vanquished.

Notes
Turn   | Place    | Note
-------+----------+-------------------------------------------
     0 | D:1      | Malachi the Felid Transmuter began the quest for the Orb.
     0 | D:1      | Reached XP level 1. HP: 9/9 MP: 4/4
   405 | D:1      | Found a faded altar of an unknown god.
   424 | D:1      | Reached XP level 2. HP: 12/12 MP: 6/6
   463 | D:1      | Reached skill level 3 in Transmutations
  1009 | D:1      | Reached XP level 3. HP: 15/15 MP: 5/7
  1176 | D:1      | Learned a level 3 spell: Spider Form
  1213 | D:2      | Identified the ring of the Dropbear {Wiz rCorr Dex+3}
  2641 | D:2      | Reached skill level 4 in Transmutations
  2641 | D:2      | Reached XP level 4. HP: 15/19 MP: 4/9
  3409 | D:2      | Reached skill level 1 in Poison Magic
  4190 | D:3      | Found Atit's Vocational Training.
  4684 | D:3      | Reached XP level 5. HP: 14/22 MP: 3/10
  6118 | D:4      | Reached skill level 5 in Transmutations
  6152 | D:4      | Slain by a gnoll
  6153 | D:4      | Reached XP level 4. HP: -3/19 MP: 9/9
  6193 | D:4      | Noticed Sigmund
  6211 | D:4      | Killed Sigmund
  6212 | D:4      | Reached XP level 5. HP: 18/22 MP: 11/11
  6212 | D:4      | Gained mutation: You are covered in thick fur. (AC +2)
                  | [Felid growth]
  6212 | D:4      | Reached XP level 6. HP: 21/25 MP: 12/12
  6254 | D:4      | Learned a level 4 spell: Ice Form
  6439 | D:4      | Reached skill level 6 in Transmutations
  7123 | D:5      | Entered Level 5 of the Dungeon
  7184 | D:5      | Found Ybruddep's Magic Scroll Emporium.
  7192 | D:5      | Bought a scroll of identify for 26 gold pieces
  7192 | D:5      | Bought a scroll of teleportation for 39 gold pieces
  7192 | D:5      | Bought a scroll of silence for 123 gold pieces
  7192 | D:5      | Bought a scroll of butterflies for 52 gold pieces
  7235 | D:5      | Reached XP level 7. HP: 20/28 MP: 14/14
  7364 | D:5      | Reached skill level 7 in Transmutations
  7428 | D:5      | Found a sacrificial altar of Ru.
  8086 | D:5      | Found Haniekut's Assorted Antiques.
  8089 | D:5      | Bought a scroll labelled OHASIJIUDA for 30 gold pieces
  8257 | D:6      | Found an iron altar of Okawaru.
  8482 | D:6      | Reached skill level 8 in Transmutations
  8482 | D:6      | Reached skill level 1 in Ice Magic
  8832 | D:6      | Found a staircase to the Ecumenical Temple.
  8861 | D:6      | Reached XP level 8. HP: 32/32 MP: 15/15
  9069 | D:6      | Noticed Pikel
  9463 | Temple   | Entered the Ecumenical Temple
  9778 | Temple   | Became a worshipper of Ashenzari the Shackled
 10553 | D:6      | Killed Pikel
 10554 | D:6      | Reached skill level 9 in Transmutations
 11243 | D:7      | Killed from afar by a shadow imp
 11244 | D:7      | Reached XP level 7. HP: -3/28 MP: 14/14
 11282 | D:7      | Slain by a kobold brigand

Illustrated notes

Levels and vault maps discovered:
D:1:      eino_arrival_cavern_e, layout_rooms,
          shapermc_ecumenical_altar_totnotflames
D:2:      layout_loops_ring
D:3:      layout_rooms, chequers_mini_garden, nicolae_shop_vocational
D:4:      layout_gridville, uniq_sigmund
D:5:      layout_cave_pods, nicolae_ru_sacrificial_ziggurat, serial_shops,
          nicolae_shop_statue_plus, nicolae_shop_behind_doors
D:6:      layout_basic, mainiacjoe_overflow_surrounded_room,
          minmay_temple_entry_junction_2, uniq_pikel
D:7:      layout_rooms, st_stairs_6
Temple:   mainiacjoe_temple_cubbyholes

Skill      XL: |  1  2  3  4  5  6  7  8 |
---------------+-------------------------+-----
Transmutations | 3 4 5 6 8 9 |  9.1
Poison Magic   | 1 2 3 4 |  4.0
Spellcasting   | 3 4 |  4.0
Ice Magic      | 1 4 |  4.9
Dodging        | 3 |  3.1
Fighting       | |  1.0
Unarmed Combat | |  3.0

Action                   |  1- 3 |  4- 6 |  7- 9 || total
-------------------------+-------+-------+-------++-------
Melee: Unarmed           |   108 |   184 |   202 ||   494
       Headbutt          |    13 |    10 |       ||    23
       Bite              |     9 |     8 |     2 ||    19
       Punch             |     6 |     5 |     3 ||    14
 Cast: Beastly Appendage |    23 |    14 |       ||    37
       Spider Form       |     1 |    22 |    20 ||    43
       Ice Form          |       |     1 |     4 ||     5
  Use: Scroll            |       |    10 |     4 ||    14
       Potion            |       |     2 |     1 ||     3
 Stab: Sleeping          |     2 |     5 |     2 ||     9
Armor: Skin              |    12 |    12 |    19 ||    43
Dodge: Dodged            |    75 |   140 |   204 ||   419

Table legend: (Time is in decaauts)
 A = Elapsed time spent in this place.
 B = Non-inter-level travel time spent in this place.
 C = Inter-level travel time spent in this place.
 D = Time resting spent in this place.
 E = Time spent auto-exploring this place.
 F = Levels seen in this place.
 G = Mean time per level.
                   A        B        C        D        E       F      G
               +--------+--------+--------+--------+--------+-----+--------+
         Total |  10484 |  10233 |    251 |   4555 |   4218 |   8 | 1310.5 |
       Dungeon |  10186 |   9973 |    213 |   4555 |   3985 |   7 | 1455.1 |
        Temple |    297 |    259 |     38 |      0 |    232 |   1 |  297.0 |
               +--------+--------+--------+--------+--------+-----+--------+

Top non-repeatable levels by time:
     D:2: 2271 daAuts
     D:6: 2094 daAuts
     D:1: 1763 daAuts
     D:3: 1345 daAuts
     D:4: 1324 daAuts
     D:5: 1292 daAuts
  Temple: 297 daAuts
     D:7: 95 daAuts
